[Event "44th Chess Olympiad Open 2022"]
[Site "Chennai"]
[Date "2022.08.01"]
[Round "4.27"]
[White "Kabwe Timothy"]
[Black "Wageih, Kareim"]
[Result "1-0"]
[WhiteElo "2248"]
[BlackElo "2387"]
[Annotator "TA"]
[PlyCount "109"]
[EventDate "2022.??.??"]
[TimeControl "60"]

1. d4 Nf6 2. Nf3 c5 3. c3 d5 4. Bf4 Nc6 5. e3 Nh5 6. Bg3 {[%emt 0:00:21] D02:1 d4 d5 2 Nf3
sidelines, including 2...Nf6 3 g3 and 2...Nf6 3 Bf4.} Qb6 7.
Qb3 Nxg3 8. hxg3 {[%emt 0:01:28] The
position is equal.} c4 9. Qc2 g6 10. e4 {[%emt 0:01:21] Prevents Bf5.} e6 11. Nbd2 {
[%emt 0:01:15] [#]} Qc7 $146 ({Predecessor:} 11... Bd7 12. Be2
Bg7 13. e5 f6 14. Rxh7 Rxh7 15. Qxg6+ Kf8 16. Qxh7 fxe5 17. Ng5 Qd8 {1-0 (35)
Le,T (2485)-Brown,M (2514) Chess.com INT 2017}) 12. Be2 Rb8 13. Ng5 Be7 (13... h6 $11)
14. Rxh7 $16 Rxh7 15. Nxh7 b5 16. a3 {[%emt 0:02:23] Inhibits b4.} a5 17. f4 b4 18. axb4 axb4 19. e5 Qb6 20. Nf3 {[%emt 0:
00:00] White is more active.} Bd7 21. g4 bxc3 22. bxc3 Qb3 23. Qd2 Kd8 24. Nf6 Ba3 {
[%emt 0:00:59] [#]} (24... Kc8 $16 {was called for.}) 25. Bd1 $1 $18 Qb2 26. Ra2 Qc1 27. Qxc1 Bxc1 {[%emt 0:00:07] [#] This bishop pair is
nice.} 28. g3 {[%emt 0:00:12] aiming for Ra6.} Rb1 (28... Kc7
$142 29. Nxd7 Kxd7) 29. Bc2 Rb2 30. Rxb2 Bxb2 31. Kd2 {[%emt 0:00:14] Hoping for Ng5.}
Na7 32. Nxd7 Kxd7 {[%emt 0:00:00] Endgame
KBN-KBN} 33. Ba4+ Ke7 34. Nh4 {[%emt 0:00:17]
Black must now prevent f5.} Nc8 (34... Ba3 {was worth a try.}
35. f5 g5 36. f6+ Kd8) 35. f5 gxf5 36. gxf5 exf5 37. Nxf5+ Ke6 38. Ng7+ Ke7 39. Bc6 Nb6 40. Nh5 {[%emt 0:00:20] Against f6} Ba3 41. Nf4 f6 $2 (41... Kf8 42. Bxd5 Ke7) 42.
Nxd5+ Nxd5 43. Bxd5 fxe5 44. dxe5 {[%emt 0:00:00] KB-KB} Bc5 45. Bxc4 Bf2 46. g4 Bg3 47. e6 {[%emt 0:00:00] Intending Bd5 and mate.} Bd6 48.
Kd3 {[%emt 0:00:00] White mates.} Kf6 49. Ke4 Ba3 50. Kd5 Bb2 51. Kd4 Ba3 52. Bd5 Kg5 53. c4 Bb2+ 54. Kc5 Kxg4 55. Kc6 {[%emt 0:00:00] Weighted Error Value: White=0.06
(flawless) /Black=0.53} 1-0

[Event "44th Chess Olympiad Open 2022"]
[Site "Chennai"]
[Date "2022.08.01"]
[Round "4.28"]
[White "Djukic, Nikola"]
[Black "Arvelo Leo, Gian Carlo"]
[Result "1/2-1/2"]
[WhiteElo "2526"]
[BlackElo "2176"]
[Annotator "TA"]
[PlyCount "88"]
[EventDate "2022.??.??"]
[TimeControl "60"]

1. e4 c5 2. Nf3 e6 3. d4 cxd4 4. Nxd4
Nf6 5. Nc3 Nc6 6. Ndb5 Bb4 7. a3 Bxc3+ 8. Nxc3 d5 9. exd5 exd5 10. Bd3 O-O 11.
O-O d4 12. Ne2 Bg4 13. Re1 {13.Bg5 is setting a new trend. B45: Sicilian Four
Knights.} Re8 14. h3 Bh5 15. Bg5 Qd6 16. Bxf6 (16. Bf4 {with more
complications.} Qd7 17. Qd2 Ne4 18. Bxe4 Rxe4 19. f3) 16... Qxf6 17. Qd2 Bxe2
18. Rxe2 Rxe2 19. Qxe2 {[#]} g6 $146 ({Predecessor:} 19... Ne5 20. Re1 Ng6 21.
Qe4 Qb6 22. b3 Rd8 23. a4 Qc6 24. Qxc6 bxc6 25. h4 Kf8 {0-1 (51) Charles,G 
(2119)-Huddleston,H (1746) West Ryde 2004}) 20. Re1 Rc8 21. Qe4 (21. Qg4 $5 Rc7 22. Re8+ Kg7 23. Qe4 $14) 21... Rc7 {[#] Threatens to win
with ...Re7.} 22. Qe8+ Kg7 {The position is equal.} 23. Re4 h6 24. g3 Qd6 25.
h4 h5 26. Re2 Qf6 27. Kg2 Qd6 28. f4 Re7 29. Rxe7 Nxe7 $11 {[%cal Yc6e7,Ye7d5,
Yd5f6] Endgame KQB-KQN} 30. Kf3 Qe6 31. Qb5 Nd5 32. Be4 Nf6 33. Qe5 Qg4+ 34.
Kf2 Qd1 {[#] Hoping for ...Qd2+.} 35. Bd3 {Active counter play!} Qd2+ 36. Kf1
Qh2 37. f5 Qh1+ 38. Kf2 Qh2+ 39. Ke1 Qh1+ 40. Kd2 Qg2+ 41. Kd1 Qf3+ 42. Ke1 {
And now fxg6 would win.} Qh1+ 43. Ke2 {Strongly threatening fxg6.} Qg2+ 44. Kd1
{fxg6 is the strong threat.} Qf3+ {Weighted Error Value: White=0.03 (flawless)
/Black=0.03 (flawless)} 1/2-1/2

[Event "44th Chess Olympiad Open 2022"]
[Site "Chennai"]
[Date "2022.08.01"]
[Round "4.28"]
[White "Blagojevic, Dragisa"]
[Black "Mazara Ruiz, Adan Manuel"]
[Result "1/2-1/2"]
[WhiteElo "2499"]
[BlackElo "2286"]
[Annotator "TA"]
[PlyCount "87"]
[EventDate "2022.??.??"]
[TimeControl "60"]

1. d4 Nf6 2. Nf3 e6 3. c4 d5 4. Nc3 Be7 5. cxd5 exd5 6. Bg5 c6 7. Qc2 O-O 8. e3 Re8 9. Bd3 Nbd7 10.
O-O Nf8 11. Rab1 a5 12. a3 g6 13. b4 {[%emt 0:07:51] D36: Queen's Gambit Declined: Exchange Variation: Main
line (5 Bg5 c6 6 Qc2).} Ne6 14. Bh4 $1 Ng7 15. Na4 {[%emt 0:10:32] White is more active. White is better.}
axb4 16. axb4 Bf5 {[%emt 0:00:43] [#]
Threatens to win with ...Bxd3.} 17. Bxf5 Nxf5 18. Bxf6 Bxf6 19. b5 Re7 20. bxc6 bxc6 21. Qxc6 {
[%emt 0:10:57] Black must now prevent Nb6.} Rc7 22. Qb5 Nd6 23. Qb3 Rb7 {[#]} 24. Qc2
{[%emt 0:00:00] [#]} Rc7 $146 ({Predecessor:} 24... Rxb1 25.
Rxb1 Nc4 26. Qd1 Qa5 27. Nc5 Be7 28. Nd3 f6 29. g3 Na3 30. Rb7 Ra7 31. Rxa7
Qxa7 {1-0 (44) Nisula,T-Alarvo,E Finland 1991}) 25. Qd1 Ne4 26. Qb3 Rc4 27. Nc5 ({Weaker is} 27. Nb6 Rb8 28. h3 Nd6 $17) (27. Nb2 $1 $14 {might be
stronger.} Rc3 28. Qd1) 27... Nxc5 $11 28. dxc5 Rxc5 29. Rfd1 Qa5 30.
g3 Kg7 31. Rd2 d4 {[%emt 0:
01:51] The position is equal.} 32. exd4 Rc3 33. Qd1 Qd5 34. Ne1 h5 35. Ng2 Bg5 36. Rd3 Rxd3 37. Qxd3 Ra4 38. Rd1 Bf6 39. Nf4 Qxd4 40. Qc2 Qxd1+ 41. Qxd1 Ra1 42. Qxa1 ({Wrong is} 42. Nxh5+ $2 gxh5 43. Qf1 Rxf1+ $19) 42... Bxa1 43. Kg2 Bd4 44. Kf3 {[%emt 0:
01:30] Weighted Error Value: White=0.07 (flawless) / Black=0.06 (flawless)}
1/2-1/2

[Event "44th Chess Olympiad Open 2022"]
[Site "Chennai"]
[Date "2022.08.01"]
[Round "4.28"]
[White "Munoz Santana, Jose Lisandro"]
[Black "Kadric, Denis"]
[Result "0-1"]
[WhiteElo "2423"]
[BlackElo "2554"]
[Annotator "TA"]
[PlyCount "54"]
[EventDate "2022.??.??"]
[TimeControl "60"]

1.
c4 e5 2. g3 d6 3. Nc3 Nf6 4. Bg2 c6 5. d4 Nbd7 6. e3 Be7 7. Nge2 O-O 8. O-O Re8
9. Qc2 {A53: Old Indian Defence without Nf3.} Bf8 10. Rd1 a5 11. b3 {[#] White
is slightly better.} h5 $146 ({Predecessor:} 11... Qc7 12. Bb2 b6 13. Nb5 cxb5
14. Bxa8 Ba6 15. Bg2 bxc4 16. Rac1 d5 17. dxe5 Nxe5 {1-0 (36) Gumilevskaja,
G-Hartog,C Bad Liebenzell 1996}) 12. Ba3 Qc7 13. Rd2 exd4 14. exd4 g6 15. Nf4 Bh6 (15... Nb6 $11) 16. Re2 $14 Bxf4 17. gxf4 Rxe2 18. Qxe2 {
[#] Strongly threatening Qe7.} ({Don't play} 18. Nxe2 a4 $14) 18... Nf8 19. d5
{And now dxc6 would win.} Bg4 20. Qd2 c5 21. f3 Bf5 22. Ne4 N8h7 23. Bb2 Ne8
24. Qc3 {[%csl Gb2][%cal Rc3h8] [#]} f6 25. Re1 h4 (25... Qd7 $16 {was worth a
try.} 26. a4 b6) 26. Ng5 Qg7 $16 27. Re2 Qh6 {Weighted Error Value: White=0.19
(very precise) /Black=0.16 (very precise) . Loss on time!?} 0-1

[Event "44th Chess Olympiad Open 2022"]
[Site "Chennai"]
[Date "2022.08.01"]
[Round "4.28"]
[White "Camacho Campusano, David Daniel"]
[Black "Draskovic, Luka"]
[Result "1-0"]
[WhiteElo "2221"]
[BlackElo "2503"]
[Annotator "TA"]
[PlyCount "93"]
[EventDate "2022.??.??"]
[TimeControl "60"]

1. e4 c5 2. Nf3 d6 3. d4 cxd4 4. Nxd4 Nf6 5. Nc3 Nc6 6. Bg5 Bd7 7. Qd2 a6 8. O-O-O e6 9. f3 Nxd4 10.
Qxd4 Be7 {[%emt 0:00:06] B67: Sicilian: Richter-Rauzer: 7...
a6 8 0-0-0 Bd7, lines without 9 f4 Be7.} 11. g4 h5 12. gxh5 Rxh5 {[%emt 0:02:12] The position is equal.}
13. h4 Qc7 {[%emt 0:02:31] [#]} 14. Be2 $146 ({Predecessor:} 14. f4 Bc6 15. Rh3 O-O-O 16. a4 d5 17. e5 Ne4
18. Nb5 axb5 19. Bxe7 Qxe7 20. axb5 Bxb5 21. Bxb5 {1-0 (27) Savchenko,B (2538)
-Lupulescu,C (2656) Tornelo INT 2021}) 14... O-O-O 15. f4 {[%emt 0:03:58][%cal Yf3f4,Yf4e5] White is more active.} Rhh8 16. h5 {[%emt 0:11:11] aiming for h6.} e5 {[%emt 0:08:28] [#]} (16...
d5 $16) 17. Qa7 $1 $18 Qc5 18. Qxc5+ dxc5 19. fxe5 Nd5 20. Bxe7 ({Much less strong is} 20. exd5 $6 Bxg5+ 21.
Kb1 Rde8 $16) 20... Nxe7 21. Bc4 (21. Rhf1
$16) 21... Nc6 $14 22. Bxf7 Nxe5 23. Bg6 Bg4 24. Rdg1 {[%emt 0:07:23]
[%cal Yg1g4] [#] And now Rxg4! would win.} Rdf8 25. Nd5 Kb8 26. Rh4 Be6 27. Rf4 Rd8 {[%emt 0:00:16] Black is now
going downhill.} ({Weaker is} 27... Rxf4 28. Nxf4 Bg4 29. Nd3 Nxd3+ 30. cxd3
$18) 28. Rg5 Nxg6 29. hxg6 Rh1+ 30. Kd2 Rh2+ 31. Kd3 Rh3+ 32. Ke2 (32. Kc4 {with more complications.} Rh2 33. Re5 Re8 34. Kxc5 Rxc2+ 35.
Kd4) 32... Rh6 33. a4 Rdh8 (33... Re8 $16 34. Ke3 Bxd5 35. Rxd5 Rxg6) 34. a5 Kc8 35. Rf3 Rh4 36. Kd3 Kd7 37. Nf4 {[%emt 0:02:46] Inhibits Rh3.}
Rf8 38. Ke3 Bg4 (38... c4
$142 39. Rf1 c3) 39. Rf2 $18 Kc6 40. Re5 Rd8 41. Nd3 Rh3+ 42. Kd2 b6 (42... Bf3 $142 43. Rxc5+ Kd6
44. Rd5+ Kc7 45. Rxd8 Kxd8) 43. Rd5 {[%emt 0:07:19] White is clearly winning.}
Rxd5 44. exd5+ Kb5 45. Ne5 Rg3 46. Rf7 Kxa5 47. Rxg7 {[%emt 0:00:00] Weighted Error Value: White=0.11 (very precise) /
Black=0.32} 1-0

[Event "44th Chess Olympiad Open 2022"]
[Site "Chennai"]
[Date "2022.08.01"]
[Round "4.29"]
[White "Kazhgaleyev, Murtas"]
[Black "Tissir, Mohamed"]
[Result "0-1"]
[WhiteElo "2536"]
[BlackElo "2366"]
[Annotator "TA"]
[PlyCount "78"]
[EventDate "2022.??.??"]
[TimeControl "60"]

1.
d4 Nf6 2. c4 g6 3. Nc3 Bg7 4. e4 d6 5. Bd3 O-O 6. Nge2 c5 7. d5 e6 8. Bg5 h6 {[%emt 0:00:19] E70: King's Indian: Miscellaneous lines
with 4 e4, including 5 Nge2 and 5 Bd3 0-0 6 Nge2.} 9. Bh4 exd5 10. Nxd5 g5 {[%emt 0:00:30] The position is
equal.} 11. Bg3 Nxd5 12. cxd5 {[%emt 0:00:12]
[#]} Qe7 $146 ({Predecessor:} 12... Bxb2 13. h4 g4 14. Rb1 Bg7
15. O-O Re8 16. Nf4 c4 17. Bxc4 Rxe4 18. Bd3 Re5 {½-½ (68) Ju,W (2568)-Lagno,
K (2556) Khanty-Mansiysk 2018}) 13. h4 Nd7 14. hxg5 hxg5 15. Nc3 {[%emt 0:23:20][%cal
Ye4e5] e5! is the strong threat.} f5 16. Qh5 (16. Kf1 $5 f4 17. e5 (17. Qh5 $2 Rf6 $19)
17... Nxe5 18. Bh7+ Kh8 19. Bd3+ Kg8 20. Bh7+ Kh8 21. Bd3+ Kg8 $11) 16... f4 (16... Rf7 $5 ) 17. Qh7+ Kf7 18. e5 {[%emt 0:07:48] [#]} Ke8 $1 $17 (18...
Nxe5 19. Qh5+ Ng6+ 20. Kd1 $16) 19. O-O-O $2 Nxe5 $19 (19... fxg3 20. exd6 Qf6 21. fxg3 $15) 20. Bh2 Kd8 21. Bc2 a6 22. f3 Kc7 23. Bg1 Bd7 $2 (23... Kb8 $19 {Hoping for ...b5.} 24.
Qe4 Ra7) 24. Qe4 $2 (24. Bxc5 $1 $11 Rf6 25. Bd4) 24... Rad8 (24... Kb8 $19 {Strongly threatening ...b5.} 25. Bf2 Ka7) 25.
Qe2 (25. Bxc5 $17 {keeps fighting.} Bf5 26. Qb4 dxc5 27. d6+
Qxd6 28. Qa5+ Qb6 29. Qxb6+ Kxb6 30. Rxd8 Rxd8 31. Bxf5) 25... Kb8 26. b4 $2 (26. Bf2 {was necessary.}) 26... cxb4 27. Ne4 Rc8 28. Qf2 {[%emt 0:00:00]
White wants to mate with Qa7+.} Nc4 {[%emt 0:00:09] And now ... Ne3 would win.}
29. Qa7+ Kc7 {[%emt 0:00:05][%cal Yb8c7,Yc7d8,Yd8e8,Ye8e7,
Ye7e8,Ye8f7] White must now prevent ...Ra8.} 30. Nc5 Kd8 ({Weaker is} 30... dxc5 31. d6+ Nxd6 32. Bxc5 $11)
(30... Bb2+ 31. Kb1 $11) 31. Nxb7+ Ke8 {[%emt 0:00:05]
Dancing on a razor blade.} 32. Bd4 {[%emt 0:01:38] Prevents Bb2+.} (32. Bg6+ {
was the only defense.} Rf7 33. Bd4 (33. Bxf7+ $2 Kxf7 34. Nd8+ Qxd8 $19)) 32...
Ne3 33. Bxe3 fxe3 34. Rde1 (34. Rd3 $142 Kf7 35. Qxe3) 34... Rc3 (34...
Kf7 $142 {( -> ...Qf6)} 35. Qxe3 {[#]} Rxc2+ $1 36. Kxc2 Bf5+ 37. Kd1 Qxb7 38.
Qxg5 Qxd5+ 39. Qd2 Qc5) 35. Qxa6 $2 (35. Qb6 $19 Ba4 36. Rxe3
(36. Nxd6+ $2 Kd7 $19) 36... Qxe3+ 37. Qxe3+ Rxe3 38. Bxa4+ Ke7 39. Bc2) 35...
Qe5 36. Nxd6+ Ke7 37. Nc4 {[%emt 0:00:48] [#]} Rxc4 $1 {[%emt 0:00:46][%cal Re5a1] Black mates.
} 38. d6+ Ke8 39. Qa8+ Kf7 {[%emt 0:00:09] Weighted Error Value: White=0.98/Black=0.27 
(precise)} 0-1

[Event "44th Chess Olympiad Open 2022"]
[Site "Chennai"]
[Date "2022.08.01"]
[Round "4.29"]
[White "Nogerbek, Kazybek"]
[Black "Hadj Kholti, Yasser"]
[Result "1-0"]
[WhiteElo "2437"]
[BlackElo "1871"]
[Annotator "TA"]
[PlyCount "45"]
[EventDate "2022.??.??"]
[TimeControl "60"]

1. c4 c5 2.
Nc3 Nc6 3. e3 Nf6 4. d4 cxd4 5. exd4 d5 6. Nf3 e6 7. c5 Be7 8. Bb5 O-O 9.
Bf4 Bd7 10. O-O Ne4 11. Rc1 Nxc3 {[%emt 0:01:53] B14: Caro-Kann:
Panov-Botvinnik Attack with 5...e6 and 5...g6.} (11... g5 $11 {remains equal.}
12. Be3 f5) 12. Rxc3 $16 {[%emt 0:00:14] [#]} Ne5 $146 ({
Predecessor:} 12... a6 13. Bxc6 Bxc6 14. Re1 Qc8 15. Ne5 Bf6 16. Rh3 g6 17. Ng4
Bg7 18. Bh6 f5 19. Ne5 Bxh6 20. Rxh6 {1-0 (48) Tokranovs,D (1973)-Zidanavicius,
E (1837) Palanga 2012}) 13. dxe5 ({White should play} 13. Nxe5
$16 Bxb5 14. Re1) 13... Bxb5 $11 {[%emt 0:00:09] The position is equal.} 14.
Re1 Rc8 15. Nd4 Bd7 16. b4 {[%emt 0:10:57] 0x0.0019ebcdbe5bdp-1022s more active
pieces.} (16. Qh5 $5 g6 17. Qh6 $11) 16... b6 $2 {[%emt 0:06:52]
Loses the game.} ({Better is} 16... a5 $14) 17. c6 {[%emt 0:06:55] Qh5 is the
strong threat.} Bxb4 {[%emt 0:03:28] [#]} 18. Rh3 $36 {[%emt 0:01:36][%cal
Yd1h5] And now Qh5! would win. White has strong initiative.} Bxe1 $2 {[%emt 0:
01:21] [#]} (18... Bxc6 $2 19. Qb1 g6 20. Qxb4 $18) (18... g6) 19. Qh5 $1 $18 {
[%emt 0:00:41][%csl Gh3][%cal Rh5h7] White is clearly winning.} h6 20. Bxh6 g6 21. Qg4 Rc7 22. Bxf8 (22. Bg5 $142 {White threatens Qh4
and mate.} f6 23. Bxf6 Rxf6 24. exf6 Qxf6 25. Rf3 Qxf3 26. Qxg6+ Kf8 27. gxf3)
22... Bxc6 (22... Bd2 $142 23. Bh6 Bxh6) 23. Bd6 {[%emt 0:01:
09] Weighted Error Value: White=0.76/Black=0.81} 1-0

[Event "44th Chess Olympiad Open 2022"]
[Site "Chennai"]
[Date "2022.08.01"]
[Round "4.29"]
[White "Msellek, Ilyass"]
[Black "Jumabayev, Rinat"]
[Result "1/2-1/2"]
[WhiteElo "2398"]
[BlackElo "2617"]
[Annotator "TA"]
[PlyCount "82"]
[EventDate "2022.??.??"]
[TimeControl "60"]

1. e4 e5 2. Nf3 Nc6 3. d4 exd4 4. Nxd4 Bb4+ 5. c3 Bc5 6. Be3 Bb6 7. Nf5 Bxe3 {[%emt 0:13:15] C45: Scotch Game.} (7... g6 $5 8. Nd4 Nf6 $11) 8. Nxe3 (8. fxe3 g6 9. Ng3 Nf6
$15) 8... Nf6 9. f3 Qe7 {[%emt 0:05:18]
White has an edge.} 10. c4 Qb4+ 11. Qd2 Qxd2+ 12. Kxd2 d6 13. Nc3 {[%emt 0:02:49] [#]} Nd4 $146 ({Predecessor:} 
13... Be6 14. Be2 O-O-O 15. Rhb1 Nd7 16. b4 Ne7 17. Ncd5 Rhe8 18. a4 c6 19. Nc3
f5 {0-1 (59) Escalante Ramirez,B (2454)-Beradze,I (2475) Tornelo INT 2021}) 14.
Rd1 Ne6 (14... Bd7 $14 {is superior.}) 15.
Kc1 (15. Ned5 $16) 15... Bd7 $14 16. Be2 a5 17. b3 h5 18. h4 Nc5 19. Kc2 Be6 20. a3 Ke7 21. Rhe1 Rhd8 22. Bf1 Kf8 23. Nb5 Ne8 24. Nd4 Bd7 25. g3 g6 26. Rd2 c6 27. Kb2 Nf6 28. Red1 Ke7 29. Ne2 Be6 30. Nd4 Bd7 31. Ne2 (31. Bd3 $14)
31... Ne8 32. Nc1 Be6 33. Nd3 Na6 34. Nf4 $36 {[%emt 0:00:15] White is pushing.} Nf6 35. Be2 Rd7 36. Bf1 ({Better is} 36.
Bd3 $14) 36... Rg8 (36... Rdd8 $11) 37. Nh3 {[%emt 0:00:48]
White is more active.} ({Much worse is} 37. Nxe6 fxe6 38. Bh3 g5 $11) 37... Nc5 38. Ng5 Rdd8 39. Bh3 (39. Re1 $16) 39... a4 (39... Nh7 $11 {
keeps the balance.} 40. Nxh7 (40. Nxe6 fxe6 41. b4 axb4 $14) 40... Bxh3) 40. b4
$16 Nb3 41. Rd3 Rd7 {
[%emt 0:09:00] Weighted Error Value: White=0.13 (very precise) /Black=0.17 
(very precise)} 1/2-1/2

[Event "44th Chess Olympiad Open 2022"]
[Site "Chennai"]
[Date "2022.08.01"]
[Round "4.29"]
[White "Choukri, Adel"]
[Black "Urazayev, Arystanbek"]
[Result "0-1"]
[WhiteElo "2306"]
[BlackElo "2430"]
[Annotator "TA"]
[PlyCount "230"]
[EventDate "2022.??.??"]
[TimeControl "60"]

1. d4 Nf6 2. c4 e6 3. Nf3 d5 4. Nc3 a6 5. cxd5 exd5 6. Bg5 Be6 7. e3 Nbd7 8. Bd3 c6 9. h3 Bd6 10. O-O Qc7 11. Qd2 O-O 12. Bf4 Rfe8 13. Rac1 Nh5 14. Bxd6 Qxd6 15. Na4 g6 16. Nc5 Ra7 17. b4 Ng7 18. a4 Bf5 19. Be2 f6 20. Rc3 Qe7 21.
Rfc1 Nxc5 22. bxc5 Raa8 23. Rb3 Rac8 24. Ne1 Rc7 25. Bg4 Bxg4 26. hxg4 Qd7 27. Rcb1 Re7 28. Qd1 Ne6 29. Nf3 Kg7 30. R1b2 Ng5 31. Nxg5 fxg5 32. Qf3 Qe8 33. Qg3 Rcd7 34. Rb1 Rc7 35. f3 Rcd7 36. Kf2 Kg8 37. Qh2 Qd8 (37... h5 $11) 38. Rb6 (38. Qh6 $16) 38...
Qf8 39. Qg3 Qe8 40. R1b3 Kg7 41. Qh2 Qf8 42. Qh1 Qf7 43. Qb1 Rc7 44. Qb2 Kg8 45. Qc3 Qf8 46. Rb1 Qh6 47. Qe1 Qf8 ({Don't play} 47... Qh2 48.
Qh1 Qxh1 49. Rxh1 $16) 48. R6b3 Rcd7 49. Ke2 Qb8 50. R1b2 Qf8 51. Qg3 Qd8 52. Rb6 Qf8 53. Qh2 Kg7 54. Kf2 Kg8 55. a5 Kg7 56. Rb1 Kg8 57. R6b3 Qd8 58. Ra3 Qf8 59. Rh1 Rd8 60. Qh6 Qxh6 61. Rxh6 Kg7 62. Rh2 Kf6 63. Ra1 Kg7 64. Rah1 Kg8 65. Rb1 Rdd7 66. g3 ({White should try} 66. Ke2 $16) 66... Kg7 $11 67. Re1 Rd8 68. f4 (68. Reh1 $5 Rh8 69. Ke2 $14) 68... Kf6 69. Re2 Rdd7 70. Kf3 Re4 71. Rh1 Rde7 72. Rb1 h5 73. gxh5 gxh5 74. Rb3 h4 75. fxg5+ Kxg5 76. gxh4+ Rxh4 77. Rf2 Rh1 78. Rfb2 Rh3+ 79. Ke2 Rexe3+ 80. Rxe3 Rh2+ 81. Kd3 Rxb2 82.
Re7 Kf6 83. Rh7 Rb3+ 84. Kc2 Rb5 85. Kc3 Kf5 86. Re7 Kf4 87.
Kd3 $2 (87. Rg7 $11) 87... Kf5 $2 ({And not} 
87... Rxa5 88. Rf7+ Kg5 89. Rxb7 $11) ({Black should play} 87... Rb3+ $19 88.
Kc2 Ra3 89. Rxb7 Ke4) 88. Kc3 $11 Rxa5 89.
Rf7+ Ke6 (89... Ke4 $5 90. Re7+ Kf4 91. Rxb7
Ra3+ 92. Kb2 Rf3 $11) 90. Rxb7 Ra3+ 91. Kb2 Rd3 92. Rc7 Rxd4 93. Rxc6+ Ke5 94. Rxa6 Rc4 95. c6 d4 96. Kb3 Rc1 97. Kb2 Rc5 98. Kb3 d3 99. Kb4 $2 (
99. Ra2 $11) 99... Rxc6 100. Rxc6 d2 101. Rc5+ Kd6 102. Rc8 Kd7 103. Rc2 d1=Q 104. Kc3 Kc6 105. Kb3+ Kd5 106. Kc3 Qa1+ 107.
Kb3 Kd4 108. Rd2+ Ke3 109. Rd6 Qe5 110. Rb6 Qc5 111. Rh6 Qc8 112. Kb2 Qb7+ 113. Kc2 Qg2+ 114. Kb1 Kd3 115. Rh8 Qc2+ 0-1

[Event "44th Chess Olympiad Open 2022"]
[Site "Chennai"]
[Date "2022.08.01"]
[Round "4.30"]
[White "Sebenik, Matej"]
[Black "Arias Santana, Mauricio"]
[Result "1-0"]
[WhiteElo "2512"]
[BlackElo "2318"]
[Annotator "TA"]
[PlyCount "67"]
[EventDate "2022.??.??"]
[TimeControl "60"]

1. d4 Nf6 2. Nf3 d5 3. Bf4 c5 4. e3 Nc6 5. Nbd2 cxd4 6. exd4 Bg4 7. c3 e6 8. Qb3 Qc8 9. Bd3 Be7 10. O-O Bh5 11. Rfe1 O-O {[%emt 0:00:48] 11...Bg6 might become the main line.} 12. Ng5 {[%emt 0:05:
46] [#] B13: Caro-Kann: Exchange Variation and Panov-Botvinnik Attack.} Bd8
$146 ({Predecessor:} 12... Bg6 13. Bxg6 hxg6 14. Ndf3 Nh5 15.
Bd2 Qc7 16. Qc2 Nf4 17. Bxf4 Qxf4 18. h4 Rac8 19. Qd3 Rfe8 {0-1 (50) Shubin,K 
(2475)-Narayanan,S (2559) Chess.com INT 2022}) 13. Qc2 Bg6 14. Bxg6 {[%emt 0:00:03] White is slightly better.
} hxg6 15. Ndf3 Nh7 16. h4 {
[%emt 0:07:27] White is much more active.} Nxg5 17. hxg5 Bc7 18. Qd2 Rd8 19. g3 b5 20. Kg2 Kf8 21. Rh1 Qb8 $2 {[%emt 0:00:00] [#]} (21...
Bxf4 $16 22. Qxf4 Qb8) 22. Bxc7 $18 Qxc7 23.
Rh7 Rab8 24. a3 Qd6 25. Rah1 a5 26.
b4 axb4 27. axb4 Ra8 28. Ne1 {[%emt 0:05:09][%cal Yf3e1,Ye1d3,Yd3f4] aiming for Nd3.
} Ra3 $2 (28... e5 {might work better.} 29. Nd3 e4) 29. Nd3 Rda8 30. Qe3 R8a7 (30... Ke7 $142 31. Rxg7 Rf8) 31. Qf3 {[%emt 0:01:19][%cal Yh7g7] [#]
Rxg7! is the strong threat.} e5 32. dxe5 {[%emt 0:00:48]
White mates.} Qe6 33. Nf4 Qf5 34. Qxd5 {[%emt 0:00:59] Black got outplayed after the opening.
Weighted Error Value: White=0.05 (flawless) /Black=0.65} 1-0

[Event "44th Chess Olympiad Open 2022"]
[Site "Chennai"]
[Date "2022.08.01"]
[Round "4.30"]
[White "Markoja, Boris"]
[Black "Chaves Sanchez, Gabriel A"]
[Result "1-0"]
[WhiteElo "2452"]
[BlackElo "2125"]
[Annotator "TA"]
[PlyCount "67"]
[EventDate "2022.??.??"]
[TimeControl "60"]

1. Nf3 d5 2. g3 Nf6 3. Bg2 c6 4. O-O Bf5 5. d3 e6 6. Nbd2 Bc5 7. c4 h6 8. Qc2 Nbd7 9. b3 O-O 10. Bb2 Qb6 {
[%emt 0:05:36] A12: English Opening: 1...c6 with b3 by White.} 11. h3 Rfe8 12. a3 a5 {[%emt 0:05:18] [#]
Black has an edge.} 13. Ne5 $146 ({Predecessor:} 13. Bc3 e5
14. e4 Bg6 15. Nh4 Bh7 16. cxd5 cxd5 17. exd5 Rac8 18. Nc4 Qa6 19. Qd2 {
1-0 (41) Allemann,A (2220)-Reinhart,E (2129) Germany 2006}) 13... Nxe5 14. Bxe5 Nd7 15. Bb2 Bd4 16. Rab1 Bxb2 17. Rxb2 Qc5 18. b4 axb4 19. axb4 Qe7 20. e4 dxe4 21. dxe4 Bh7 22. c5 $1 Ra6 (22... b5 $14) 23. Nc4
$16 Rea8 24. Qd2 {[%emt 0:03:14] White is
more active.} Ra1 {[%emt 0:03:13] [#] A mistake that costs the game.} (24... b6
$14) 25. Rxa1 $1 $18 Rxa1+ 26. Kh2 Ra7 (26... h5 $16 {was necessary.} 27. Nd6 h4) 27. e5 Bg6 28. f4 Nb8 29. Nd6 {[%emt 0:03:50] [#] Strongly threatening Nc8.} Qc7 {[%emt 0:00:50]
Against Nc8} (29... Qd8 $142 30. b5 cxb5 31. Bxb7 Ra5) 30. b5 {[%emt 0:01:21]
Threatens to win with b6.} Ra8 31. Nxb7 Qxb7 32. bxc6 Qa7 (32... Qc7) 33.
c7 Qxc7 34. Bxa8 {[%emt 0:00:05] Weighted
Error Value: White=0.09 (flawless) /Black=0.33} 1-0